 Dungeon Crawl Stone Soup version 0.31.0-11-ge490571c62 (webtiles) character file.

Game seed: 7184342717234945404

102 NotreDorf the Magician (level 4, 0/30 HPs)
             Began as a Mummy Conjurer on Feb 4, 2024.
             Slain by an orc
             ... wielding a +0 club
              (1 damage)
             ... on level 4 of the Dungeon.
             The game lasted 00:08:58 (3475 turns).

NotreDorf the Magician (Mummy Conjurer)             Turns: 3475, Time: 00:08:59

Health: 0/30       AC:  2    Str: 10    XL:     4   Next: 50%
Magic:  4/9        EV: 12    Int: 19    God:
Gold:   217        SH:  5    Dex: 10    Spells: 4/10 levels left

rFire   x . .        i - +2 short sword (elec)
rCold   + . .        (no shield)
rNeg    + + +        a - +0 robe
rPois   ∞            (no helmet)
rElec   .            (no cloak)
rCorr   .            (no gloves)
SInv    .            (no boots)
Will    .....        f - amulet of reflection
Stlth   ++           (no ring)
HPRegen 0.25/turn    (no ring)
MPRegen 0.11/turn

%: reflection, faith
@: no status effects
A: cold resistance 1, negative energy resistance 3, torment resistance 2, heat
vulnerability 1, in touch with death 1, no potions, faith
a: no special abilities


You were on level 4 of the Dungeon.
You visited 1 branch of the dungeon, and saw 4 of its levels.

You collected 217 gold pieces.

Inventory:

Hand Weapons
 i - a +2 short sword of electrocution (weapon)
Armour
 a - a +0 robe (worn)
Jewellery
 f - an amulet of reflection (around neck)
Scrolls
 b - 2 scrolls of teleportation
 c - a scroll of fear {unknown}
 d - a scroll of enchant armour
 e - a scroll of fog


   Skills:
 + Level 2.5 Dodging
 - Level 1.5 Stealth
 + Level 3.9 Spellcasting
 + Level 3.8 Conjurations
 + Level 0.8 Earth Magic


You had 4 spell levels left.
You knew the following spells:

 Your Spells              Type           Power      Damage    Failure   Level
a - Magic Dart            Conj           72%        1d6       3%          1
b - Searing Ray           Conj           36%        2d5       4%          2
c - Passwall              Erth           6%         N/A       30%         3

Your spell library contained the following spells:

 Spells                   Type           Power      Damage    Failure   Level
 Ensorcelled Hibernation  Hex/Ice        6%         N/A       22%         2
 Swiftness                Air            3%         N/A       38%         3
 Fulminant Prism          Conj/Alch      5%         3d7       54%         4
 Iskenderun's Mystic Bla  Conj/Tloc      11%        2d4       54%         4
 Petrify                  Alch/Erth      5%         N/A       75%         4
 Irradiate                Conj/Alch      5%         3d13      87%         5
 Sublimation of Blood     Necr           Unusable   N/A       N/A         2

Dungeon Overview and Level Annotations

Branches:
Dungeon (4/15)
 Temple: D:4-7

Altars:


Innate Abilities, Weirdness & Mutations

You are immune to poison.
Your flesh is cold resistant. (rC+)
You are immune to negative energy. (rN+++)
You are immune to unholy pain and torment.
You are vulnerable to heat. (rF-)
You are in touch with the powers of death.
You do not drink.
You have a special connection with the divine. (Faith)


Message History

The orc wizard hits you with a +0 dagger.
The orc hits you with a +0 club.
There is an open door here.
Things that are here:
a +0 flail; an orc corpse
There are monsters nearby!
The orc wizard hits you with a +0 dagger.
You feel less confused. The orc wizard barely misses you.
The orc completely misses you.
Casting: Searing Ray (safe; 4% risk of failure)
Confirm with . or Enter, or press ? or * to list all spells.
Aiming: Magic Dart (safe; 3% risk of failure)
Press: ? - help, Shift-Dir - straight line, f/p - orc wizard
Aim: an orc wizard, wielding a +0 dagger and wearing a +0 robe (moderately wounded, 100% to hit)
The magic dart hits the orc wizard but does no damage.
The orc wizard is moderately wounded.
The orc wizard hits you but does no damage.
The orc hits you with a +0 club.
Casting: Magic Dart (safe; 3% risk of failure)
Confirm with . or Enter, or press ? or * to list all spells.
Aiming: Magic Dart (safe; 3% risk of failure)
Press: ? - help, Shift-Dir - straight line, f/p - orc wizard
Aim: an orc wizard, wielding a +0 dagger and wearing a +0 robe (moderately wounded, 100% to hit)
The magic dart hits the orc wizard.
The orc wizard is severely wounded.
The orc closely misses you.
The orc wizard hits you with a +0 dagger.
* * * LOW HITPOINT WARNING * * *
Casting: Magic Dart (safe; 3% risk of failure)
Confirm with . or Enter, or press ? or * to list all spells.
Aiming: Magic Dart (safe; 3% risk of failure)
Press: ? - help, Shift-Dir - straight line, f/p - orc wizard
Aim: an orc wizard, wielding a +0 dagger and wearing a +0 robe (severely wounded, 100% to hit)
The magic dart hits the orc wizard but does no damage.
The orc wizard is severely wounded.
The orc wizard gestures at you while chanting.
The magic dart hits you!
* * * LOW HITPOINT WARNING * * *
The orc hits you with a +0 club.
You die...

..##.....#####......
..##>....# #.......#
....>....# .......#
..######.# .......
.......#.# .....
...###.#.# ##.#'# # #
...# #.#.# #....#.#...
...###.#.### #........<.
...#.......# #.@o....)..
...#.......# ##o#.......
##.#.......# #.#.).....
##.#.......# #.#.......
##.#.......# #.#.......
#...>.)....#####.#.......
#...)............#.......
#.......)........#.......
#........).#...#.#


You could see an orc wizard and an orc.

Vanquished Creatures
  An orc wizard (D:4)
  An adder (D:3)
  3 dart slugs
  6 orcs (D:4)
  3 ball pythons
  4 endoplasms
  8 goblins
  10 hobgoblins
  A jackal (D:3)
  3 quokkas
  4 bats
  2 frilled lizards (D:1)
  4 kobolds
  3 rats
53 creatures vanquished.

Notes
Turn   | Place    | Note
-------+----------+-------------------------------------------
     0 | D:1      | NotreDorf the Mummy Conjurer began the quest for the Orb.
     0 | D:1      | Reached XP level 1. HP: 13/13 MP: 4/4
   247 | D:1      | Reached XP level 2. HP: 19/19 MP: 3/6
   698 | D:1      | Learned a level 2 spell: Searing Ray
  1245 | D:2      | Reached XP level 3. HP: 24/24 MP: 4/7
  1286 | D:2      | You fall into a shaft and drop 1 floor!
  2138 | D:3      | Found a faded altar of an unknown god.
  2292 | D:3      | Learned a level 3 spell: Passwall
  3188 | D:4      | Reached XP level 4. HP: 22/30 MP: 0/9
  3475 | D:4      | HP: 1/30 [orc wizard/magic dart (8)]
  3475 | D:4      | Slain by an orc

Illustrated notes

Levels and vault maps discovered:
D:1:      dpeg_arrival_pits, layout_rooms
D:2:      layout_basic, minmay_hedge_maze, minmay_door_square
D:3:      layout_basic, ebering_ecumenical_altar_rust, st_stairs_4,
          minmay_between
D:4:      layout_basic, serial_shops, shop

Skill      XL: |  1  2 |
---------------+-------+-----
Spellcasting   | 3 |  3.9
Dodging        | 2 |  2.5
Stealth        | |  1.5
Conjurations   | |  3.8
Earth Magic    | |  0.8

Action                     |  1- 3 |  4- 6 || total
---------------------------+-------+-------++-------
  Melee: Unarmed           |     5 |       ||     5
         Short sword       |     3 |       ||     3
   Cast: Magic Dart        |   103 |    12 ||   115
         Searing Ray       |     1 |     2 ||     3
    Use: Scroll            |     4 |       ||     4
 Armour: Robe              |     6 |    11 ||    17
  Dodge: Dodged            |    10 |     7 ||    17
